 Dungeon Crawl Stone Soup version 0.28-a0-643-g84cb2ea78e (webtiles) character file.

Game seed: 132141621655689153

43 blank1 the Shield-Bearer (level 3, -4/23 HPs)
             Began as a Gargoyle Fighter on Oct 10, 2021.
             Slain by Sigmund (6 damage)
             ... on level 2 of the Dungeon.
             The game lasted 00:02:39 (1489 turns).

blank1 the Shield-Bearer (Gargoyle Fighter)         Turns: 1489, Time: 00:02:40

Health: -4/23      AC: 12    Str: 20    XL:     3   Next: 58%
Magic:  3/3        EV:  7    Int:  8    God:
Gold:   86         SH:  4    Dex:  9    Spells: 2/2 levels left

rFire   . . .      SeeInvis .   a - +0 flail
rCold   . . .      Faith    .   c - +0 buckler
rNeg    + . .      Spirit   .   e - +0 chain mail
rPois   ∞          Reflect  .   (no helmet)
rElec   +          Harm     .   (no cloak)
rCorr   .          Rampage  .   (no gloves)
Will    .....                   (no boots)
Stlth   ..........              (no amulet)
HPRegen 0.07/turn               (no ring)
MPRegen 0.08/turn               (no ring)

@: mighty
A: sickness immunity, AC +3, negative energy resistance 1, electricity
resistance, torment resistance 1, petrification resistance
a: no special abilities


You were on level 2 of the Dungeon.
You visited 1 branch of the dungeon, and saw 2 of its levels.

You collected 86 gold pieces.

Inventory:

Hand Weapons
 a - a +0 flail (weapon)
Missiles
 b - 2 throwing nets (quivered)
Armour
 c - a +0 buckler (worn)
 e - a +0 chain mail (worn)
Scrolls
 m - a scroll of immolation
Potions
 f - 3 potions of mutation {unknown}
 g - 2 potions of heal wounds {unknown}
 i - a potion of invisibility {unknown}
 j - a potion of curing {unknown}


   Skills:
 + Level 3.5 Fighting
 + Level 2.2 Maces & Flails
 * Level 3.9 Armour
 + Level 0.5 Dodging
 - Level 4.0 Shields


You had 2 spell levels left.
You didn't know any spells.
Your spell library was empty.

Dungeon Overview and Level Annotations

Branches:
Dungeon (2/15)

Altars:

Annotations:
D:2 Sigmund


Innate Abilities, Weirdness & Mutations

You are immune to sickness and miasma.
Your stone body is resilient. (AC +3)
You are immune to poison.
You resist negative energy. (rN+)
You are resistant to electric shocks. (rElec)
You are resistant to unholy torment.
You are immune to petrification.


Message History

No target in view!
No target in view!
Found a leather armour.
A dart slug comes into view.
A dart slug is nearby!
The dart slug launches a dart at you.
The slug dart hits you but does no damage.
You sock the dart slug!
The dart slug is almost dead.
You hear a shout!
A kobold comes into view. It is wielding a +0 dagger.
The dart slug bites you but does no damage.
You hit the dart slug.
You kill the dart slug!
The kobold hits you but does no damage.
Training target 4.0 for Shields reached!
Your Shields skill increases to level 4!
You thump the kobold!
You kill the kobold!
No target in view!
No target in view!
No target in view!
Sigmund the Dreaded comes into view.
He is wielding a +0 scythe.
Sigmund shouts!
You feel very mighty all of a sudden.
Sigmund casts a spell.
Sigmund flickers and vanishes!
Deactivating autopickup; reactivate with Ctrl-A.
Something hits you but does no damage.
A goblin comes into view. It is wielding a +0 club.
You barely miss something.
The goblin shouts!
You hear a shout!
Something hits you but does no damage.
You barely miss something. Something hits you.
You hit something. Something hits you!
You barely miss something. You miss something. Something hits you.
* * * LOW HITPOINT WARNING * * *
You miss something. Something hits you.
You die...

#.<...........#
########........####<#
#..............##* *,*
#.#......#......,***.##
#....).........[,,,....
#.#..#####......,**####
#......# *##...#**
*****###..#.# *...#
*,,,***#..#@# **.##
*,,,,,....#{# *,*
*,,,*####.#g# *,******
**,** #.#.# *,,,,,,****
*,* **#.#.# ******,,,,,
*,* *,..#.# ****** *,*
*,**#.# *,* *,* #.#*
*,* *,* *,,*


You could see a goblin.

Vanquished Creatures
  2 dart slugs
  3 bats (D:1)
  4 endoplasms (D:1)
  A giant cockroach (D:1)
  5 goblins
  4 hobgoblins
  2 quokkas (D:1)
  2 ball pythons (D:1)
  3 frilled lizards (D:1)
  4 kobolds
  5 rats
35 creatures vanquished.

Notes
Turn   | Place    | Note
-------+----------+-------------------------------------------
     0 | D:1      | blank1 the Gargoyle Fighter began the quest for the Orb.
     0 | D:1      | Reached XP level 1. HP: 14/14 MP: 1/1
   104 | D:1      | Found a faded altar of an unknown god.
   159 | D:1      | Reached XP level 2. HP: 19/19 MP: 2/2
   809 | D:1      | Reached XP level 3. HP: 23/23 MP: 3/3
  1477 | D:2      | Reached skill level 4 in Shields
  1480 | D:2      | Noticed Sigmund
  1489 | D:2      | Slain by Sigmund

Illustrated notes

Levels and vault maps discovered:
D:1:      dpeg_arrival_tiny_a, layout_loops_corners,
          shapermc_ecumenical_altar_mp_ritualfount
D:2:      minmay_angry_zag, layout_loops_ring, uniq_sigmund,
          uniq_crazy_yiuf_cottage

Skill      XL: |  1  2  3 |
---------------+----------+-----
Shields        | 4 |  4.0
Fighting       | |  3.5
Maces & Flails | |  2.2
Armour         | |  3.9
Dodging        | |  0.5

Action                   || total
-------------------------++-------
Melee: Flail             ||   114
  Use: Scroll            ||     4
       Potion            ||     1
Armor: Chain mail        ||    83
Dodge: Dodged            ||    37
Block: Buckler           ||    22

Table legend: (Time is in decaauts)
 A = Elapsed time spent in this place.
 B = Non-inter-level travel time spent in this place.
 C = Inter-level travel time spent in this place.
 D = Time resting spent in this place.
 E = Time spent auto-exploring this place.
 F = Levels seen in this place.
 G = Mean time per level.
                   A        B        C        D        E       F      G
               +--------+--------+--------+--------+--------+-----+--------+
         Total |   1524 |   1519 |      5 |    257 |    972 |   2 |  762.0 |
       Dungeon |   1524 |   1519 |      5 |    257 |    972 |   2 |  762.0 |
               +--------+--------+--------+--------+--------+-----+--------+

Top non-repeatable levels by time:
     D:1: 1385 daAuts
     D:2: 138 daAuts
